General information
- name: BNet
- type: Ladder team game (AT/RT)
- host: Battle.net
- saver: dogsandhorse.ru
map: UpperKingdom
- players: 6
- length: 50:55
- speed: Fast
- version: 1.26 W3XP
- replay type:

» download(446 KB)
Players
team 1 (winner)
Birdeneering (
purple | 136 APM | 6940 actions | 50:55)
5 Archmage
3 Blizzard
2 Brilliance Aura
4 Mountain King
2 Storm Bolt
2 Bash
4 Paladin
2 Holy Light
2 Divine Shield
» actions
| Assign group hotkey | 421 | |
| Basic commands | 19 | |
| Build / train | 305 | |
| Enter build submenu | 266 | |
| Enter hero's abilities submenu | 13 | |
| Give item / drop item | 1 | |
| Remove unit from queue | 22 | |
| Right click | 3267 | |
| Select / deselect | 901 | |
| Select group hotkey | 1179 | |
| Use ability | 546 | |
6940 total
» units
» upgrades
| Masonry | 3 | |
| Lumber Harvesting | 2 | |
| Magic Sentry | 1 | |
6 total
» buildings
| Altar of Kings | 1 | |
| Farm | 6 | |
| Lumber Mill | 1 | |
| Scout Tower | 288 | |
| Arcane Tower | 23 | |
| Guard Tower | 140 | |
| Keep | 1 | |
| Arcane Sanctum | 1 | |
| Arcane Vault | 3 | |
| Town Hall | 6 | |
| Castle | 1 | |
471 total
» build order
00:04 Altar of Kings
00:15 Farm
00:52 Lumber Mill
01:05 Scout Tower
01:16 Scout Tower
01:18 Scout Tower
01:25 Farm
01:31 Scout Tower
01:34 Scout Tower
01:35 Arcane Tower
01:37 Scout Tower
01:45 Scout Tower
01:47 Arcane Tower
01:56 Scout Tower
02:06 Arcane Tower
02:06 Arcane Tower
02:08 Scout Tower
02:16 Scout Tower
02:18 Guard Tower
02:19 Guard Tower
02:30 Scout Tower
02:37 Scout Tower
02:38 Guard Tower
02:43 Scout Tower
02:49 Scout Tower
02:54 Guard Tower
03:05 Guard Tower
03:07 Scout Tower
03:11 Guard Tower
03:12 Scout Tower
03:15 Guard Tower
03:16 Scout Tower
03:18 Scout Tower
03:45 Guard Tower
03:46 Scout Tower
04:05 Guard Tower
04:06 Scout Tower
04:15 Scout Tower
04:16 Guard Tower
04:19 Scout Tower
04:20 Guard Tower
04:35 Scout Tower
04:36 Arcane Tower
04:38 Scout Tower
04:47 Scout Tower
04:48 Guard Tower
04:50 Scout Tower
04:56 Scout Tower
04:58 Scout Tower
05:07 Guard Tower
05:15 Scout Tower
05:18 Scout Tower
05:21 Scout Tower
05:30 Guard Tower
05:31 Guard Tower
05:32 Keep
05:52 Guard Tower
05:56 Scout Tower
05:58 Guard Tower
05:59 Guard Tower
06:08 Scout Tower
06:09 Guard Tower
06:11 Arcane Tower
06:13 Arcane Tower
06:13 Guard Tower
06:17 Scout Tower
06:18 Scout Tower
06:23 Farm
06:31 Guard Tower
06:32 Scout Tower
06:35 Guard Tower
06:37 Scout Tower
06:54 Guard Tower
06:55 Scout Tower
06:58 Scout Tower
07:04 Scout Tower
07:13 Guard Tower
07:17 Scout Tower
07:18 Scout Tower
07:23 Guard Tower
07:36 Guard Tower
07:56 Guard Tower
07:57 Scout Tower
08:34 Arcane Sanctum
08:43 Guard Tower
08:46 Arcane Vault
08:55 Scout Tower
09:03 Scout Tower
09:03 Scout Tower
09:18 Scout Tower
09:29 Scout Tower
09:30 Scout Tower
09:40 Scout Tower
09:54 Guard Tower
09:55 Scout Tower
09:56 Scout Tower
10:09 Guard Tower
10:13 Scout Tower
10:14 Scout Tower
10:21 Scout Tower
10:22 Scout Tower
10:32 Guard Tower
10:33 Guard Tower
10:47 Arcane Tower
10:50 Scout Tower
10:50 Scout Tower
10:58 Guard Tower
11:24 Scout Tower
11:25 Scout Tower
11:27 Scout Tower
11:32 Scout Tower
11:34 Scout Tower
11:36 Scout Tower
11:42 Guard Tower
11:46 Scout Tower
11:49 Guard Tower
11:51 Scout Tower
11:52 Scout Tower
11:59 Guard Tower
12:26 Arcane Tower
12:36 Guard Tower
12:38 Scout Tower
12:43 Scout Tower
12:46 Scout Tower
12:56 Guard Tower
12:59 Guard Tower
13:03 Scout Tower
13:05 Scout Tower
13:06 Scout Tower
13:18 Scout Tower
13:19 Scout Tower
13:27 Scout Tower
13:27 Scout Tower
13:33 Scout Tower
13:34 Scout Tower
13:35 Scout Tower
13:42 Scout Tower
13:55 Arcane Tower
13:56 Scout Tower
14:09 Town Hall
14:16 Guard Tower
14:20 Scout Tower
14:44 Scout Tower
14:44 Scout Tower
14:46 Scout Tower
14:47 Scout Tower
14:57 Scout Tower
14:58 Scout Tower
15:10 Scout Tower
15:11 Scout Tower
15:33 Guard Tower
15:34 Guard Tower
16:07 Guard Tower
16:09 Scout Tower
16:10 Guard Tower
16:23 Guard Tower
16:24 Scout Tower
16:24 Scout Tower
16:26 Castle
16:27 Guard Tower
16:53 Guard Tower
16:55 Scout Tower
16:55 Scout Tower
16:56 Scout Tower
17:03 Guard Tower
17:05 Scout Tower
17:06 Scout Tower
17:13 Scout Tower
17:14 Scout Tower
17:18 Scout Tower
17:19 Scout Tower
17:19 Guard Tower
17:35 Guard Tower
17:54 Guard Tower
18:07 Guard Tower
18:10 Guard Tower
18:12 Scout Tower
18:12 Scout Tower
18:14 Guard Tower
18:16 Scout Tower
18:17 Scout Tower
18:17 Scout Tower
18:18 Scout Tower
18:47 Guard Tower
18:49 Scout Tower
18:51 Scout Tower
18:55 Guard Tower
18:58 Scout Tower
18:59 Scout Tower
19:00 Scout Tower
19:00 Scout Tower
19:00 Scout Tower
19:01 Scout Tower
19:16 Scout Tower
19:16 Scout Tower
19:17 Scout Tower
19:17 Scout Tower
19:18 Scout Tower
19:19 Scout Tower
19:21 Guard Tower
19:24 Scout Tower
19:24 Scout Tower
19:25 Scout Tower
19:25 Scout Tower
19:26 Scout Tower
19:26 Scout Tower
19:33 Guard Tower
19:37 Scout Tower
19:38 Scout Tower
19:39 Scout Tower
19:40 Scout Tower
19:40 Scout Tower
19:41 Scout Tower
19:41 Scout Tower
19:42 Scout Tower
19:48 Guard Tower
19:50 Scout Tower
19:51 Scout Tower
19:52 Scout Tower
19:52 Scout Tower
19:57 Scout Tower
19:58 Scout Tower
19:59 Scout Tower
20:00 Scout Tower
20:01 Scout Tower
20:02 Scout Tower
20:03 Scout Tower
20:03 Scout Tower
20:04 Guard Tower
20:05 Guard Tower
20:13 Scout Tower
20:14 Scout Tower
20:14 Scout Tower
20:15 Guard Tower
20:21 Guard Tower
20:23 Scout Tower
20:24 Scout Tower
20:26 Scout Tower
20:27 Scout Tower
20:30 Guard Tower
20:32 Scout Tower
20:33 Scout Tower
20:35 Scout Tower
20:36 Scout Tower
20:39 Guard Tower
20:41 Arcane Tower
20:52 Guard Tower
21:10 Guard Tower
21:22 Guard Tower
21:25 Guard Tower
21:25 Guard Tower
21:25 Guard Tower
21:35 Guard Tower
21:41 Arcane Tower
21:42 Arcane Tower
21:50 Arcane Tower
21:50 Arcane Tower
21:50 Arcane Tower
22:13 Guard Tower
22:13 Guard Tower
22:14 Guard Tower
22:16 Guard Tower
22:17 Guard Tower
22:17 Guard Tower
22:27 Guard Tower
22:28 Guard Tower
22:32 Arcane Vault
22:37 Scout Tower
22:40 Scout Tower
22:40 Scout Tower
22:55 Guard Tower
22:59 Farm
23:43 Scout Tower
23:43 Scout Tower
23:54 Scout Tower
23:55 Scout Tower
23:59 Scout Tower
23:59 Scout Tower
24:05 Farm
24:13 Farm
24:26 Scout Tower
24:27 Arcane Tower
24:31 Scout Tower
24:49 Scout Tower
24:50 Scout Tower
24:55 Guard Tower
24:58 Scout Tower
24:59 Scout Tower
25:00 Scout Tower
25:01 Scout Tower
25:05 Guard Tower
25:20 Guard Tower
26:22 Guard Tower
26:37 Guard Tower
26:38 Scout Tower
26:38 Scout Tower
26:43 Scout Tower
26:44 Guard Tower
26:46 Scout Tower
26:48 Guard Tower
26:50 Scout Tower
26:52 Guard Tower
27:23 Guard Tower
27:25 Scout Tower
27:27 Scout Tower
27:27 Scout Tower
27:31 Guard Tower
27:33 Scout Tower
28:05 Scout Tower
28:06 Scout Tower
28:07 Scout Tower
28:24 Scout Tower
28:25 Scout Tower
28:29 Guard Tower
28:38 Town Hall
28:54 Scout Tower
28:55 Scout Tower
28:57 Guard Tower
29:01 Scout Tower
29:02 Scout Tower
29:04 Scout Tower
29:34 Guard Tower
29:35 Scout Tower
29:41 Guard Tower
30:04 Guard Tower
30:07 Scout Tower
30:08 Scout Tower
30:24 Guard Tower
30:35 Scout Tower
30:38 Scout Tower
30:38 Scout Tower
30:42 Guard Tower
31:08 Scout Tower
31:16 Guard Tower
31:30 Scout Tower
31:32 Scout Tower
31:42 Scout Tower
31:45 Scout Tower
31:46 Scout Tower
31:46 Scout Tower
31:47 Guard Tower
31:54 Scout Tower
31:55 Scout Tower
31:56 Scout Tower
31:56 Scout Tower
31:57 Scout Tower
31:58 Guard Tower
32:08 Scout Tower
32:09 Scout Tower
32:14 Guard Tower
32:47 Guard Tower
33:08 Guard Tower
33:36 Town Hall
33:45 Guard Tower
34:43 Town Hall
34:51 Guard Tower
35:02 Scout Tower
35:03 Scout Tower
35:04 Scout Tower
35:04 Scout Tower
35:29 Guard Tower
35:41 Scout Tower
35:41 Scout Tower
35:42 Scout Tower
35:42 Scout Tower
36:53 Guard Tower
36:54 Scout Tower
36:55 Scout Tower
37:50 Guard Tower
37:52 Town Hall
38:01 Scout Tower
38:21 Scout Tower
38:22 Scout Tower
38:34 Guard Tower
38:41 Scout Tower
38:42 Scout Tower
38:43 Scout Tower
38:43 Scout Tower
38:53 Guard Tower
38:54 Scout Tower
38:56 Scout Tower
38:56 Scout Tower
39:09 Arcane Vault
39:14 Scout Tower
39:14 Guard Tower
39:17 Scout Tower
39:18 Scout Tower
39:53 Guard Tower
39:58 Scout Tower
40:05 Scout Tower
40:21 Guard Tower
40:32 Guard Tower
40:34 Scout Tower
40:35 Scout Tower
40:39 Arcane Tower
40:39 Arcane Tower
40:39 Arcane Tower
41:10 Scout Tower
41:19 Guard Tower
41:44 Guard Tower
41:53 Guard Tower
41:54 Scout Tower
42:18 Town Hall
42:19 Guard Tower
42:54 Guard Tower
42:55 Scout Tower
43:24 Scout Tower
43:25 Scout Tower
44:27 Scout Tower
44:28 Scout Tower
44:34 Guard Tower
44:54 Scout Tower
44:54 Scout Tower
45:17 Scout Tower
45:18 Scout Tower
45:25 Scout Tower
45:26 Scout Tower
45:28 Guard Tower
45:29 Scout Tower
45:30 Scout Tower
45:53 Guard Tower
45:56 Scout Tower
45:56 Scout Tower
45:57 Scout Tower
46:13 Guard Tower
46:16 Guard Tower
46:19 Scout Tower
46:20 Scout Tower
46:31 Guard Tower
46:32 Guard Tower
46:53 Scout Tower
46:55 Scout Tower
46:56 Scout Tower
46:59 Scout Tower
46:59 Scout Tower
47:08 Guard Tower
47:09 Guard Tower
47:11 Scout Tower
47:11 Scout Tower
47:12 Scout Tower
47:13 Scout Tower
47:13 Scout Tower
47:19 Guard Tower
47:39 Guard Tower
47:43 Scout Tower
47:45 Scout Tower
47:46 Scout Tower
47:47 Scout Tower
48:01 Scout Tower
48:02 Scout Tower
48:03 Guard Tower
48:35 Guard Tower
48:36 Scout Tower
48:37 Scout Tower
48:53 Scout Tower
48:53 Scout Tower
48:54 Scout Tower
48:55 Scout Tower
48:56 Scout Tower
48:58 Guard Tower
49:08 Guard Tower
49:09 Guard Tower
49:26 Scout Tower
49:27 Scout Tower
49:32 Guard Tower
50:41 Guard Tower
» items
| Healing Salve | 1 | |
| Staff of Sanctuary | 2 | |
| Orb of Fire | 2 | |
| Scroll of Town Portal | 1 | |
6 total
dogsandhorse.ru (
green | 117 APM | 5970 actions | 50:55)
10 Blademaster
3 Wind Walk
3 Critical Strike
1 Bladestorm
3 Mirror Image
» actions
| Assign group hotkey | 30 | |
| Basic commands | 7 | |
| Build / train | 157 | |
| Enter build submenu | 96 | |
| Enter hero's abilities submenu | 10 | |
| Give item / drop item | 4 | |
| Remove unit from queue | 3 | |
| Right click | 4142 | |
| Select / deselect | 649 | |
| Select group hotkey | 470 | |
| Use ability | 402 | |
5970 total
» units
» upgrades
| Ensnare | 0 | |
| Ranged Weapons | 2 | |
| Liquid Fire | 1 | |
3 total
» buildings
| Altar of Storms | 2 | |
| Orc Burrow | 11 | |
| War Mill | 3 | |
| Watch Tower | 45 | |
| Stronghold | 4 | |
| Voodoo Lounge | 3 | |
| Beastiary | 11 | |
| Great Hall | 2 | |
| Fortress | 5 | |
86 total
» build order
00:10 Altar of Storms
00:19 Orc Burrow
00:35 War Mill
01:52 Watch Tower
02:08 Watch Tower
02:30 Watch Tower
02:43 Stronghold
03:26 Watch Tower
03:40 Watch Tower
03:45 Voodoo Lounge
04:08 Watch Tower
04:10 Watch Tower
04:44 Watch Tower
04:48 Watch Tower
05:13 Watch Tower
05:17 Watch Tower
05:30 Watch Tower
05:54 Watch Tower
06:00 Watch Tower
06:25 Beastiary
07:00 Beastiary
07:12 Watch Tower
07:13 Watch Tower
07:25 Watch Tower
07:35 Orc Burrow
07:39 Orc Burrow
09:15 Watch Tower
09:16 Watch Tower
09:34 Voodoo Lounge
09:36 Voodoo Lounge
09:59 Beastiary
11:55 Watch Tower
11:56 Watch Tower
12:48 Great Hall
13:12 Fortress
13:12 Fortress
14:12 Watch Tower
16:34 Beastiary
16:35 Beastiary
16:35 Beastiary
16:49 War Mill
18:04 Orc Burrow
18:05 Orc Burrow
18:07 Watch Tower
18:24 Stronghold
18:25 Stronghold
19:17 Watch Tower
19:32 Watch Tower
19:57 Watch Tower
20:09 Orc Burrow
20:51 Beastiary
21:25 Watch Tower
21:26 Watch Tower
21:31 Orc Burrow
22:11 Watch Tower
22:50 Watch Tower
24:02 Beastiary
24:03 Beastiary
24:23 Orc Burrow
24:24 Beastiary
24:26 Beastiary
26:00 Orc Burrow
26:01 Orc Burrow
26:04 Orc Burrow
28:39 Great Hall
39:52 Stronghold
39:55 War Mill
41:49 Watch Tower
41:50 Watch Tower
43:22 Altar of Storms
46:00 Watch Tower
46:01 Watch Tower
46:03 Watch Tower
46:04 Watch Tower
46:05 Watch Tower
46:12 Fortress
46:13 Fortress
47:33 Watch Tower
47:38 Watch Tower
47:39 Watch Tower
47:43 Watch Tower
47:44 Watch Tower
48:53 Watch Tower
48:57 Watch Tower
48:58 Watch Tower
» items
| Healing Salve | 4 | |
| Lesser Clarity Potion | 10 | |
| Scroll of Town Portal | 1 | |
| Orb of Lightning | 3 | |
| Scroll of Speed | 1 | |
19 total
TIMG4STRok (
blue | 98 APM | 4988 actions | 50:55)
10 Warden
3 Shadow Strike
3 Blink
1 Spirit of Vengeance
3 Fan of Knives
» actions
| Assign group hotkey | 8 | |
| Basic commands | 17 | |
| Build / train | 77 | |
| ESC pressed | 3 | |
| Enter build submenu | 20 | |
| Enter hero's abilities submenu | 10 | |
| Give item / drop item | 3 | |
| Right click | 3461 | |
| Select / deselect | 395 | |
| Select group hotkey | 597 | |
| Use ability | 396 | |
4988 total
» units
» upgrades
| Nature's Blessing | 1 | |
| Well Spring | 1 | |
| Strength of the Wild | 1 | |
| Reinforced Hides | 1 | |
4 total
» buildings
| Altar of Elders | 2 | |
| Moon Well | 10 | |
| Tree of Life | 4 | |
| Tree of Ages | 4 | |
| Hunter's Hall | 2 | |
| Tree of Eternity | 2 | |
| Ancient of Wonders | 1 | |
25 total
» build order
00:08 Altar of Elders
00:10 Moon Well
03:31 Moon Well
06:02 Tree of Life
07:37 Tree of Ages
07:38 Tree of Ages
07:38 Tree of Ages
08:49 Moon Well
08:50 Moon Well
08:53 Hunter's Hall
08:56 Moon Well
08:57 Moon Well
08:57 Moon Well
08:58 Moon Well
09:47 Moon Well
09:47 Moon Well
10:50 Tree of Eternity
13:31 Ancient of Wonders
22:13 Altar of Elders
26:01 Tree of Life
38:51 Tree of Life
45:05 Tree of Life
49:06 Tree of Ages
49:12 Hunter's Hall
» items
| Healing Salve | 4 | |
| Lesser Clarity Potion | 4 | |
| Orb of Venom | 1 | |
9 total
team 2 (loser)
H0rd3n (
red | 190 APM | 9347 actions | 49:09)
5 Blademaster
2 Wind Walk
3 Critical Strike
5 Shadow Hunter
3 Healing Wave
2 Hex
4 Tauren Chieftain
2 Endurance Aura
2 War Stomp
» actions
| Assign group hotkey | 164 | |
| Basic commands | 21 | |
| Build / train | 123 | |
| ESC pressed | 11 | |
| Enter build submenu | 30 | |
| Enter hero's abilities submenu | 16 | |
| Give item / drop item | 4 | |
| Remove unit from queue | 5 | |
| Right click | 4044 | |
| Select / deselect | 1953 | |
| Select group hotkey | 2561 | |
| Use ability | 415 | |
9347 total
» units
| Peon | 20 | |
| Grunt | 4 | |
| Polar Furbolg Shaman | 1 | |
| Tauren | 10 | |
| Troll Witch Doctor | 5 | |
| Shaman | 15 | |
| Kodo Beast | 3 | |
| Troll Batrider | 2 | |
| Spirit Walker | 3 | |
63 total
» upgrades
| Melee Weapons | 4 | |
| Berserker Strength | 1 | |
| Pillage | 1 | |
| Shaman Training | 2 | |
| Witch Doctor Training | 2 | |
| Reinforced Defenses | 1 | |
| Spiked Barricades | 1 | |
| Pulverize | 1 | |
| Armor | 3 | |
| War Drums Damage Increase | 1 | |
| Spirit Walker Training | 2 | |
19 total
» buildings
| Orc Burrow | 9 | |
| Altar of Storms | 1 | |
| Barracks | 1 | |
| War Mill | 1 | |
| Voodoo Lounge | 1 | |
| Stronghold | 1 | |
| Fortress | 1 | |
| Spirit Lodge | 2 | |
| Tauren Totem | 2 | |
| Great Hall | 1 | |
| Beastiary | 1 | |
21 total
» build order
00:07 Orc Burrow
00:09 Altar of Storms
00:54 Barracks
01:30 War Mill
01:51 Voodoo Lounge
03:29 Orc Burrow
03:31 Orc Burrow
03:46 Stronghold
06:17 Fortress
06:19 Orc Burrow
07:36 Spirit Lodge
07:37 Spirit Lodge
08:40 Orc Burrow
09:49 Tauren Totem
09:49 Tauren Totem
10:26 Orc Burrow
11:34 Orc Burrow
13:02 Orc Burrow
17:27 Orc Burrow
20:12 Great Hall
22:38 Beastiary
» items
| Healing Salve | 3 | |
| Lesser Clarity Potion | 2 | |
| Scroll of Speed | 5 | |
| Orb of Lightning | 2 | |
| Tiny Great Hall | 1 | |
13 total
Psycho.Elf (
teal | 68 APM | 3471 actions | 50:54)
6 Death Knight
3 Death Coil
2 Unholy Aura
1 Animate Dead
6 Pandaren Brewmaster
3 Breath of Fire
2 Drunken Brawler
1 Storm Earth and Fire
» actions
| Assign group hotkey | 75 | |
| Build / train | 121 | |
| ESC pressed | 2 | |
| Enter build submenu | 24 | |
| Enter hero's abilities submenu | 13 | |
| Right click | 1612 | |
| Select / deselect | 639 | |
| Select group hotkey | 878 | |
| Use ability | 107 | |
3471 total
» units
| Acolyte | 10 | |
| Ghoul | 6 | |
| Gargoyle | 5 | |
| Frost Wyrm | 58 | |
79 total
» upgrades
| Creature Attack | 3 | |
| Creature Carapace | 3 | |
| Freezing Breath | 1 | |
7 total
» buildings
| Ziggurat | 9 | |
| Halls of the Dead | 3 | |
| Graveyard | 1 | |
| Crypt | 2 | |
| Altar of Darkness | 1 | |
| Black Citadel | 4 | |
| Nerubian Tower | 1 | |
| Tomb of Relics | 1 | |
| Sacrificial Pit | 1 | |
| Boneyard | 2 | |
25 total
» build order
00:13 Ziggurat
00:33 Halls of the Dead
00:33 Halls of the Dead
00:34 Halls of the Dead
00:35 Graveyard
01:01 Crypt
01:18 Altar of Darkness
01:36 Ziggurat
01:59 Crypt
02:30 Ziggurat
02:32 Ziggurat
02:54 Black Citadel
02:54 Black Citadel
02:54 Black Citadel
03:28 Nerubian Tower
03:43 Tomb of Relics
04:20 Ziggurat
04:23 Ziggurat
04:32 Sacrificial Pit
05:23 Boneyard
05:24 Boneyard
06:22 Ziggurat
06:24 Ziggurat
26:55 Ziggurat
» items
| Potion of Healing | 2 | |
| Potion of Mana | 2 | |
| Dust of Appearance | 1 | |
5 total
SaberX (
orange | 37 APM | 1891 actions | 50:28)
5 Pandaren Brewmaster
3 Breath of Fire
2 Drunken Haze
» actions
| Assign group hotkey | 19 | |
| Build / train | 48 | |
| Enter build submenu | 20 | |
| Enter hero's abilities submenu | 5 | |
| Give item / drop item | 1 | |
| Remove unit from queue | 2 | |
| Right click | 1142 | |
| Select / deselect | 317 | |
| Select group hotkey | 235 | |
| Use ability | 102 | |
1891 total
» units
» upgrades
| Corrosive Breath | 1 | |
| Well Spring | 1 | |
| Strength of the Wild | 1 | |
3 total
» buildings
| Moon Well | 5 | |
| Altar of Elders | 1 | |
| Tree of Life | 5 | |
| Tree of Ages | 1 | |
| Tree of Eternity | 1 | |
| Ancient of Wind | 1 | |
| Chimaera Roost | 2 | |
| Hunter's Hall | 1 | |
17 total
» build order
00:48 Moon Well
01:41 Altar of Elders
18:04 Tree of Life
26:35 Tree of Life
26:38 Tree of Ages
32:53 Tree of Eternity
33:35 Ancient of Wind
35:43 Chimaera Roost
35:45 Chimaera Roost
36:16 Moon Well
36:18 Moon Well
36:20 Moon Well
37:23 Hunter's Hall
41:15 Tree of Life
41:50 Tree of Life
42:05 Tree of Life
42:41 Moon Well
» items
| Healing Salve | 1 | |
| Lesser Clarity Potion | 1 | |
| Scroll of Speed | 1 | |
3 total
Chat log
(00:27 / All) dogsandhorse.ru: hi all
(15:40 / All) H0rd3n: leave plz?
(15:45 / All) H0rd3n: tower noobs xD
(15:52 / All) H0rd3n: again .. i said it
(15:53 / All) Birdeneering: lmfao feedscrub
(16:14 / All) H0rd3n: lol u are a little feedscrub right purp..
(16:26 / All) H0rd3n: im gonna repeat after u
(17:46 / All) H0rd3n: ILL MAE UJ PAY TRY KILLING MY PANDA!
(23:42 / Allies) TIMG4STRok: 300g
(27:34 / All) H0rd3n: mMUAHAHAAAAAAAAAAAAAAĆ
(27:37 / All) H0rd3n: DIE U MOTERFUCKER
(27:42 / All) H0rd3n: finish this shit game ... ahhh
(36:33 / All) H0rd3n: haha fail bolt or xd
(38:14 / All) Birdeneering: fail or?
(38:29 / All) H0rd3n: u are some fail towering noobs xD
(38:38 / All) H0rd3n: u have to play hoursto win
(41:14 / All) H0rd3n: is that the BEST ;P
(41:24 / All) H0rd3n: u think u can blizzard.com me ?!
(41:34 / All) H0rd3n: thats real hard
(41:35 / All) Birdeneering: yes
(41:36 / All) dogsandhorse.ru: are you playing on a phone
(41:39 / All) dogsandhorse.ru: that autocorrects
(42:12 / All) H0rd3n: yesthats right and u are a dog?
(42:46 / All) H0rd3n: its easy to dodge iu purp with ur blizzarda. com hha
(44:07 / All) Birdeneering: WOWW
(44:08 / All) dogsandhorse.ru: lol
(44:12 / All) Birdeneering: us uck
(44:21 / All) TIMG4STRok: cya
(49:15 / All) Birdeneering: you are shit
(49:16 / All) TIMG4STRok: cya
(49:35 / All) dogsandhorse.ru: bye
(49:37 / All) dogsandhorse.ru: blizzard.com
(50:26 / All) Birdeneering: ty noob
(50:34 / All) Psycho.Elf: :)
(50:35 / All) Birdeneering: feednoobs can't play the game
(50:40 / All) Psycho.Elf: thx for game ^ ^
(50:47 / All) Psycho.Elf: cya :))